 Dungeon Crawl Stone Soup version 0.19.1-1-g22dce08 (webtiles) character file.

721 esteth the Basher (level 7, -11/70 HPs)
             Began as an Ogre Berserker on Jan 3, 2017.
             Was a Priest of Trog.
             Mangled by Pikel
             ... wielding a +1 whip of electrocution
              (16 damage)
             ... on level 4 of the Dungeon.
             The game lasted 00:15:00 (4642 turns).

esteth the Basher (Ogre Berserker)                  Turns: 4642, Time: 00:15:01

Health: -11/70     AC:  3    Str: 24    XL:     7   Next: 71%
Magic:  7/7        EV: 13    Int:  6    God:    Trog [***...]
Gold:   179        SH:  0    Dex: 10    Spells: 0 memorised, 6 levels left

rFire  . . .     SeeInvis +     f - +0 morningstar
rCold  . . .     Gourm    +     b - +0 animal skin
rNeg   + . .     Faith    .     (no shield)
rPois  .         Spirit   .     (helmet restricted)
rElec  .         Reflect  .     (no cloak)
rCorr  .         Harm     .     (gloves unavailable)
MR     .....                    (boots unavailable)
Stlth  +.........               m - amulet of the gourmand
                                (no ring)
                                j - ring of positive energy

@: no status effects
A: unfitting armour, repulsion field 2, see invisible, tough skin 1
a: Berserk, Trog's Hand, Burn Spellbooks, Renounce Religion


You were on level 4 of the Dungeon.
You worshipped Trog.
Trog was most pleased with you.
You were completely stuffed.

You visited 1 branch of the dungeon, and saw 5 of its levels.

You collected 179 gold pieces.

Inventory:

Hand Weapons
 a - a +2 mace
 d - a +1 mace of protection
 f - a +0 morningstar (weapon)
Missiles
 e - 3 javelins of penetration (quivered)
 k - 4 javelins
Armour
 b - a +0 animal skin (worn)
Jewellery
 j - a ring of positive energy (left hand)
 m - an amulet of the gourmand (around neck)
Scrolls
 l - a scroll of fear
 n - 3 scrolls of remove curse {unknown}
 o - 5 scrolls of identify {unknown}
 q - a scroll of enchant armour {unknown}
 r - a scroll of amnesia {unknown}
 t - a scroll of magic mapping
Potions
 s - a potion of cancellation {unknown}
Comestibles
 c - 4 bread rations
 g - 2 beef jerkies
 h - a slice of pizza
 i - a meat ration
 p - 2 chunks of flesh


   Skills:
 - Level 4.0 Fighting
 + Level 11.3 Maces & Flails
 - Level 2.6 Dodging


You had 6 spell levels left.
You didn't know any spells.

Dungeon Overview and Level Annotations

Branches:
Dungeon (5/15)
 Temple: D:4-7

Altars:
Dithmenos
Nemelex Xobeh

Annotations:
D:4 Pikel


Innate Abilities, Weirdness & Mutations

You are too large for most types of armour.
You have tough skin. (AC +1)
You are surrounded by a moderate repulsion field. (EV +3)
You have supernaturally acute eyesight. (SInv)


Message History

Pikel says, "Slavery isn't that bad."
There is a stone staircase leading up here.
Pikel barely misses you.
You climb upwards.
There is a stone staircase leading down here.
Pikel says, "I'm sure they'll be treated well, anyway."
Pikel misses you. Pikel waves his whip at you.
A leopard gecko comes into view.
The leopard gecko hisses angrily.
You hit the leopard gecko.
The leopard gecko is severely wounded.
The leopard gecko misses you.
You completely miss the leopard gecko.
The leopard gecko is severely wounded.
The leopard gecko closely misses you.
Pikel hits you with a whip of electrocution!
* * * LOW HITPOINT WARNING * * *
You are electrocuted!
You die...

.######........#######.#..## .#
#.#......#######.#...# .#
#.#.####.<.....#.#...###### .#
#.#.# #.#####.#........... .#
#.#.# #.# #.#........... .# #...#
#.# #.#........... .# #.>## #.#
#.###...###### .#
#..#####.#####.##....# .#
#........l@K...##.##.# .#
##.#########.####.##.# .# #.#
#.####.##.# .# #.# #.........# .#
#.# #######.#### .#######.###
##.## #.#
...........#####.#.####.#
#######.........###.....#########
#........K.#...............


You could see Pikel and a leopard gecko.

Vanquished Creatures
  Grinder (D:4)
  An ogre (D:4)
  A howler monkey (D:3)
  4 hounds
  5 worker ants
  A hound skeleton (D:4)
  A howler monkey skeleton (D:4)
  2 adders
  An ooze (D:2)
  An adder skeleton (D:4)
  3 worms
  2 dart slugs
  4 leopard geckos
  5 orcs
  3 giant cockroaches
  7 goblins
  5 hobgoblins
  21 jackals
  14 kobolds
  2 quokkas
  A ball python (D:2)
  5 bats
  6 frilled lizards
  7 rats
103 creatures vanquished.

Notes
Turn   | Place    | Note
-------+----------+-------------------------------------------
     0 | D:1      | esteth the Ogre Berserker began the quest for the Orb.
     0 | D:1      | Reached XP level 1. HP: 24/24 MP: 1/1
   195 | D:1      | Reached XP level 2. HP: 32/32 MP: 2/2
   271 | D:1      | Reached skill level 5 in Maces & Flails
   597 | D:1      | Reached XP level 3. HP: 32/39 MP: 3/3
   891 | D:1      | Reached ** piety under Trog
  1107 | D:2      | Found a shadowy altar of Dithmenos.
  1335 | D:2      | Reached skill level 6 in Maces & Flails
  1421 | D:2      | Reached XP level 4. HP: 37/48 MP: 4/4
  2346 | D:3      | Reached skill level 7 in Maces & Flails
  2385 | D:3      | Reached XP level 5. HP: 36/54 MP: 5/5
  2401 | D:3      | Reached *** piety under Trog
  2933 | D:4      | Reached skill level 8 in Maces & Flails
  3030 | D:4      | Reached XP level 6. HP: 58/62 MP: 6/6
  3278 | D:4      | Noticed Grinder
  3281 | D:4      | Reached skill level 9 in Maces & Flails
  3668 | D:4      | Paralysed by Grinder for 5 turns
  3674 | D:4      | Gained mutation: You are surrounded by a mild repulsion field. (EV +2) [potion of mutation]
  3674 | D:4      | Gained mutation: You have supernaturally acute eyesight. (SInv) [potion of mutation]
  3674 | D:4      | Gained mutation: You are surrounded by a moderate repulsion field. (EV +3) [potion of mutation]
  3683 | D:4      | Killed Grinder
  3683 | D:4      | Reached skill level 10 in Maces & Flails
  3683 | D:4      | Reached XP level 7. HP: 22/70 MP: 7/7
  4483 | D:5      | Entered Level 5 of the Dungeon
  4503 | D:5      | Reached skill level 11 in Maces & Flails
  4513 | D:5      | Found a sparkling altar of Nemelex Xobeh.
  4579 | D:5      | Noticed Pikel
  4599 | D:5      | HP: 3/70 [Pikel/whip of electrocution (19)]
  4642 | D:4      | Mangled by Pikel

Skill      XL: |  1  2  3  4  5  6  7 |
---------------+----------------------+-----
Maces & Flails | 5 6 7 8 10 11 | 11.3
Fighting       | |  4.0
Dodging        | |  2.6

Action                   |  1- 3 |  4- 6 |  7- 9 || total
-------------------------+-------+-------+-------++-------
Melee: Mace              |   118 |   238 |    24 ||   380
       Morningstar       |       |       |    25 ||    25
  Use: Scroll            |       |     6 |       ||     6
       Potion            |       |     4 |       ||     4
  Eat: Chunk             |     7 |    11 |     3 ||    21
Armor: Animal skin       |    38 |   112 |     5 ||   155
       Skin              |       |     1 |       ||     1
Dodge: Dodged            |    62 |   160 |    25 ||   247
